Canucks vs Oilers

Created - October 25 2010 at 17:14

Goals
1 2 3 T
Canucks 2 1 3 6
Oilers 0 1 3 4
Shots
1 2 3 T
Canucks 5 14 11 30
Oilers 4 9 17 30

Period #1

1. Canucks , Corey Perry 6 (Loui Eriksson, Brandon Sutter) at 0:28
2. Canucks , Duncan Keith 3 (Erik Karlsson, Corey Perry) at 4:45 (PP)

Penalties :
Scott Hannan (EDM) for Roughing (Minor) at 1:01, Scott Nichol (EDM) for Roughing (Double Minor) at 4:41, Michal Handzus (EDM) for Tripping (Minor) at 8:18, Ryan Kesler (VAN) for Tripping (Minor) at 11:14, Derek Roy (EDM) for High sticking (Minor) at 13:53, Loui Eriksson (VAN) for Roughing (Minor) at 13:53

Period #2

3. Canucks , Loui Eriksson 4 (Corey Perry, Ian White) at 0:08
4. Oilers , Andrew Ladd 2 (Todd Marchant, Bryce Salvador) at 8:53

Penalties :
Andrew Ladd (EDM) for High sticking (Minor) at 1:21, Milan Lucic (VAN) for Holding (Minor) at 6:33, Scott Nichol (EDM) for Hooking (Minor) at 15:08, Todd Marchant (EDM) for Holding Stick (Minor) at 16:02

Period #3

5. Oilers , Dany Heatley 8 (Adrian Aucoin, Andrew Ladd) at 8:38 (PP)
6. Canucks , Matthew Carle 3 (Loui Eriksson, Corey Perry) at 9:21
7. Oilers , Steve Sullivan 2 (Sean ODonnell, Stephen Weiss) at 10:04
8. Oilers , Dany Heatley 9 (Michal Handzus, Roman Hamrlik) at 10:27
9. Canucks , David Backes 3 (Fedor Tyutin) at 11:42
10. Canucks , Brandon Sutter 5 (Matthew Carle, Loui Eriksson) at 11:54

Penalties :
Mark Popovic (EDM) for Hooking (Minor) at 4:02, Matthew Carle (VAN) for Tripping (Minor) at 7:21, Ian White (VAN) for Interference (Minor) at 15:05, Roman Hamrlik (EDM) for Holding (Minor) at 18:42

Goalie Stats

Jason LaBarbera (VAN), 9 saves from 9 shots - (1.000), W, 1-0-0, 9:33 minutes
Henrik Lundqvist (VAN), 17 saves from 21 shots - (0.810), 50:27 minutes
Kari Lehtonen (EDM), 24 saves from 30 shots - (0.800), L, 2-3-1, 60:00 minutes

Players Stats

Canucks
Player Name              G  A  P  +/- PIM S  H  SB FO    MP 
------------------------------------------------------------
Brandon Sutter           1  1  2   4  0   3  1  0  17/34 22 
Bruno Gervais            0  0  0  -1  0   1  0  0  0/0   5  
Corey Perry              1  3  4   4  0   4  2  0  1/4   17 
David Backes             1  0  1   0  0   3  1  1  0/0   17 
Devin Setoguchi          0  0  0  -1  0   1  1  0  0/2   13 
Duncan Keith             1  0  1  -2  0   2  0  2  0/0   24 
Erik Karlsson            0  1  1  -1  0   0  1  1  0/0   17 
Fedor Tyutin             0  1  1   0  0   0  0  1  0/0   18 
Ian White                0  1  1   4  2   1  0  0  0/0   21 
Joe Thornton             0  0  0  -2  0   3  1  0  8/27  21 
Loui Eriksson            1  3  4   4  2   3  1  0  1/1   18 
Martin Hanzal            0  0  0   0  0   2  0  1  9/20  18 
Matthew Carle            1  1  2   4  2   3  0  1  0/0   20 
Mike Komisarek           0  0  0   0  0   0  4  1  0/0   16 
Milan Lucic              0  0  0   0  2   0  1  0  1/3   13 
Ryan Kesler              0  0  0  -1  2   1  0  1  1/1   13 
Tomas Holmstrom          0  0  0  -1  0   3  0  0  1/2   15 
Vyacheslav Kozlov        0  0  0  -1  0   0  0  0  2/2   5  
Oilers
Player Name              G  A  P  +/- PIM S  H  SB FO    MP 
------------------------------------------------------------
Adrian Aucoin            0  1  1  -2  0   1  0  4  0/0   23 
Andrew Ladd              1  1  2   0  2   4  1  0  0/1   16 
Bryce Salvador           0  1  1   0  0   1  0  0  0/0   14 
Dany Heatley             2  0  2   0  0   6  4  0  0/1   18 
Derek Roy                0  0  0  -2  2   4  1  0  11/24 19 
Mark Popovic             0  0  0   0  2   2  1  1  0/0   12 
Michal Handzus           0  1  1   0  2   3  1  0  15/23 16 
Miroslav Satan           0  0  0   0  0   0  0  0  0/0   0  
Radek Dvorak             0  0  0   0  0   3  0  0  1/2   18 
Rod BrindAmour           0  0  0   0  0   1  0  0  2/2   5  
Roman Hamrlik            0  1  1   0  2   1  0  0  0/0   22 
Ryan Johnson             0  0  0   0  0   1  0  0  8/10  14 
Scott Hannan             0  0  0   0  2   0  1  3  0/0   22 
Scott Nichol             0  0  0   0  6   0  2  0  14/25 15 
Sean ODonnell            0  1  1  -2  0   1  3  1  0/0   21 
Stephen Weiss            0  1  1  -2  0   1  0  0  4/8   17 
Steve Sullivan           1  0  1  -2  0   1  0  0  0/0   12 
Todd Marchant            0  1  1   0  2   0  0  1  0/0   18 

3 Stars

1 - Corey Perry (VAN)
2 - Loui Eriksson (VAN)
3 - Brandon Sutter (VAN)

Power Play

Canucks - 1 on 8 Attempt(s) - 12.50%
Oilers - 1 on 4 Attempt(s) - 25.00%

Penalty Kill

Canucks - 3 on 4 Attempt(s) - 75.00% - Score 0 goal in Penalty Kill
Oilers - 7 on 8 Attempt(s) - 87.50% - Score 0 goal in Penalty Kill

Game Notes

Jason LaBarbera enters game at 10:27 of 3rd period

Finance

Level 1 -- Attendance: 6356 (97.78%) -- Ticket Income $572,040.00
Level 2 -- Attendance: 4729 (94.58%) -- Ticket Income $212,805.00
Level 3 -- Attendance: 3500 (100.00%) -- Ticket Income $112,000.00
Level 4 -- Attendance: 839 (100.00%) -- Ticket Income $15,941.00
Luxury Box -- Attendance: 1000 (100.00%) -- Ticket Income $192,000.00
Game was played at the Rexall Place
Total Attendance: 16424 (97.54%)
Total Ticket Income: $1,165,489.00
Other Income: $208,345.50
Total Income: $1,373,834.00


Play by Play

Period #1

0:01 of 1st period - Loui Eriksson wins face-off versus Derek Roy in neutral zone.
0:28 of 1st period - Shot by Corey Perry.
0:28 of 1st period - Goal by Corey Perry - Canucks : 1 - Oilers : 0.
0:29 of 1st period - Michal Handzus wins face-off versus Joe Thornton in neutral zone.
1:00 of 1st period - Shot by Ryan Kesler.
1:00 of 1st period - Shot Blocked by Scott Hannan.
1:01 of 1st period - Minor Penalty to Scott Hannan for Roughing.
1:02 of 1st period - Brandon Sutter wins face-off versus Scott Nichol in Oilers zone.
1:02 of 1st period - Brandon Sutter is hit by Sean ODonnell.
2:17 of 1st period - Duncan Keith is hit by Michal Handzus and loses puck.
2:22 of 1st period - Shot by Roman Hamrlik.
2:22 of 1st period - Stopped by Henrik Lundqvist without a rebound.
2:23 of 1st period - Brandon Sutter wins face-off versus Scott Nichol in Canucks zone.
3:21 of 1st period - Shot by David Backes.
3:21 of 1st period - Shot Misses the Net.
4:04 of 1st period - Shot by Joe Thornton.
4:04 of 1st period - Shot Misses the Net.
4:08 of 1st period - Shot by Ryan Kesler.
4:08 of 1st period - Deflect By Joe Thornton.
4:08 of 1st period - Shot Misses the Net.
4:10 of 1st period - Shot by Joe Thornton.
4:10 of 1st period - Stopped by Kari Lehtonen without a rebound.
4:11 of 1st period - Vyacheslav Kozlov wins face-off versus Ryan Johnson in Oilers zone.
4:34 of 1st period - Shot by Ryan Johnson.
4:34 of 1st period - Stopped by Henrik Lundqvist without a rebound.
4:35 of 1st period - Scott Nichol wins face-off versus Corey Perry in Canucks zone.
4:41 of 1st period - Double Minor Penalty to Scott Nichol for Roughing.
4:42 of 1st period - Corey Perry wins face-off versus Michal Handzus in Oilers zone.
4:45 of 1st period - Shot by Duncan Keith.
4:45 of 1st period - Goal by Duncan Keith - Canucks : 2 - Oilers : 0.
4:46 of 1st period - Brandon Sutter wins face-off versus Michal Handzus in neutral zone.
5:01 of 1st period - Andrew Ladd is hit by Brandon Sutter and loses puck.
6:17 of 1st period - Icing by Brandon Sutter.
6:18 of 1st period - Michal Handzus wins face-off versus Brandon Sutter in Canucks zone.
6:33 of 1st period - Off-side.
6:34 of 1st period - Brandon Sutter wins face-off versus Derek Roy in neutral zone.
7:07 of 1st period - Off-side.
7:08 of 1st period - Joe Thornton wins face-off versus Derek Roy in neutral zone.
7:25 of 1st period - Shot by Duncan Keith.
7:25 of 1st period - Shot Misses the Net.
7:34 of 1st period - Icing by Adrian Aucoin.
7:35 of 1st period - Martin Hanzal wins face-off versus Derek Roy in Oilers zone.
7:46 of 1st period - Shot by David Backes.
7:46 of 1st period - Shot Misses the Net.
8:18 of 1st period - Minor Penalty to Michal Handzus for Tripping.
8:19 of 1st period - Radek Dvorak wins face-off versus Brandon Sutter in Oilers zone.
9:20 of 1st period - Shot by Joe Thornton.
9:20 of 1st period - Shot Misses the Net.
10:18 of 1st period - Shot by Loui Eriksson.
10:18 of 1st period - Shot Misses the Net.
10:22 of 1st period - Shot by David Backes.
10:22 of 1st period - Stopped by Kari Lehtonen without a rebound.
10:23 of 1st period - Milan Lucic wins face-off versus Ryan Johnson in Oilers zone.
10:31 of 1st period - Icing by Stephen Weiss.
10:32 of 1st period - Ryan Johnson wins face-off versus Milan Lucic in Oilers zone.
10:32 of 1st period - Ryan Johnson is hit by David Backes.
11:14 of 1st period - Minor Penalty to Ryan Kesler for Tripping.
11:15 of 1st period - Derek Roy wins face-off versus Martin Hanzal in Canucks zone.
11:46 of 1st period - Shot by Dany Heatley.
11:46 of 1st period - Shot Misses the Net.
12:19 of 1st period - Icing by Stephen Weiss.
12:20 of 1st period - Brandon Sutter wins face-off versus Stephen Weiss in Oilers zone.
12:45 of 1st period - Shot by Roman Hamrlik.
12:45 of 1st period - Shot Blocked by Duncan Keith.
12:47 of 1st period - Shot by Derek Roy.
12:47 of 1st period - Stopped by Henrik Lundqvist without a rebound.
12:48 of 1st period - Ryan Johnson wins face-off versus Martin Hanzal in Canucks zone.
13:21 of 1st period - Shot by Todd Marchant.
13:21 of 1st period - Deflect By Scott Nichol.
13:21 of 1st period - Shot Misses the Net.
13:37 of 1st period - Shot by Joe Thornton.
13:37 of 1st period - Shot Misses the Net.
13:41 of 1st period - Shot by Ryan Kesler.
13:41 of 1st period - Stopped by Kari Lehtonen without a rebound.
13:42 of 1st period - Derek Roy wins face-off versus Brandon Sutter in Oilers zone.
13:42 of 1st period - Derek Roy is hit by Corey Perry.
13:53 of 1st period - Minor Penalty to Derek Roy for High sticking.
13:53 of 1st period - Minor Penalty to Loui Eriksson for Roughing.
13:54 of 1st period - Martin Hanzal wins face-off versus Michal Handzus in neutral zone.
14:49 of 1st period - Shot by Stephen Weiss.
14:49 of 1st period - Shot Misses the Net.
16:48 of 1st period - Shot by Michal Handzus.
16:48 of 1st period - Stopped by Henrik Lundqvist without a rebound.
16:49 of 1st period - Derek Roy wins face-off versus Martin Hanzal in Canucks zone.
17:55 of 1st period - Icing by Duncan Keith.
17:56 of 1st period - Vyacheslav Kozlov wins face-off versus Derek Roy in Canucks zone.
18:50 of 1st period - Corey Perry is hit by Dany Heatley and loses puck.
19:52 of 1st period - Off-side.
19:53 of 1st period - Scott Nichol wins face-off versus Joe Thornton in neutral zone.

Period #2

0:01 of 2nd period - Brandon Sutter wins face-off versus Derek Roy in neutral zone.
0:06 of 2nd period - Shot by Corey Perry.
0:06 of 2nd period - Shot Blocked by Adrian Aucoin.
0:08 of 2nd period - Shot by Loui Eriksson.
0:08 of 2nd period - Goal by Loui Eriksson - Canucks : 3 - Oilers : 0.
0:09 of 2nd period - Michal Handzus wins face-off versus Joe Thornton in neutral zone.
1:15 of 2nd period - Shot by Stephen Weiss.
1:15 of 2nd period - Shot Misses the Net.
1:17 of 2nd period - Shot by Adrian Aucoin.
1:17 of 2nd period - Shot Blocked by Matthew Carle.
1:19 of 2nd period - Shot by Sean ODonnell.
1:19 of 2nd period - Stopped by Henrik Lundqvist without a rebound.
1:20 of 2nd period - Martin Hanzal wins face-off versus Scott Nichol in Canucks zone.
1:20 of 2nd period - Martin Hanzal is hit by Andrew Ladd.
1:21 of 2nd period - Minor Penalty to Andrew Ladd for High sticking.
1:22 of 2nd period - Ryan Johnson wins face-off versus Brandon Sutter in Oilers zone.
1:22 of 2nd period - Adrian Aucoin is hit by Devin Setoguchi and loses puck.
1:35 of 2nd period - Shot by Devin Setoguchi.
1:35 of 2nd period - Shot Misses the Net.
1:41 of 2nd period - Shot by Brandon Sutter.
1:41 of 2nd period - Stopped by Kari Lehtonen without a rebound.
1:42 of 2nd period - Scott Nichol wins face-off versus Joe Thornton in Oilers zone.
1:48 of 2nd period - Icing by Joe Thornton.
1:49 of 2nd period - Joe Thornton wins face-off versus Scott Nichol in Canucks zone.
2:03 of 2nd period - Icing by Duncan Keith.
2:04 of 2nd period - Michal Handzus wins face-off versus Tomas Holmstrom in Canucks zone.
2:32 of 2nd period - Icing by Corey Perry.
2:33 of 2nd period - Michal Handzus wins face-off versus Joe Thornton in Canucks zone.
3:11 of 2nd period - Icing by Loui Eriksson.
3:12 of 2nd period - Michal Handzus wins face-off versus Brandon Sutter in Canucks zone.
3:19 of 2nd period - Shot by Michal Handzus.
3:19 of 2nd period - Stopped by Henrik Lundqvist with a rebound.
3:22 of 2nd period - Icing by Ian White.
3:23 of 2nd period - Scott Nichol wins face-off versus Martin Hanzal in Canucks zone.
4:02 of 2nd period - Shot by Martin Hanzal.
4:02 of 2nd period - Shot Misses the Net.
5:21 of 2nd period - Shot by Stephen Weiss.
5:21 of 2nd period - Stopped by Henrik Lundqvist without a rebound.
5:22 of 2nd period - Michal Handzus wins face-off versus Joe Thornton in Canucks zone.
5:29 of 2nd period - Shot by Dany Heatley.
5:29 of 2nd period - Shot Misses the Net.
5:35 of 2nd period - Shot by Duncan Keith.
5:35 of 2nd period - Shot Blocked by Scott Hannan.
5:37 of 2nd period - Shot by Ryan Kesler.
5:37 of 2nd period - Shot Hit the Post.
5:39 of 2nd period - Shot by Ryan Kesler.
5:39 of 2nd period - Shot Misses the Net.
5:41 of 2nd period - Shot by Tomas Holmstrom.
5:41 of 2nd period - Stopped by Kari Lehtonen without a rebound.
5:42 of 2nd period - Ryan Johnson wins face-off versus Milan Lucic in Oilers zone.
5:44 of 2nd period - Icing by Stephen Weiss.
5:45 of 2nd period - Ryan Johnson wins face-off versus Martin Hanzal in Oilers zone.
5:59 of 2nd period - Ryan Johnson is hit by Mike Komisarek and loses puck.
6:33 of 2nd period - Minor Penalty to Milan Lucic for Holding.
6:34 of 2nd period - Derek Roy wins face-off versus Devin Setoguchi in Canucks zone.
7:04 of 2nd period - Icing by Derek Roy.
7:05 of 2nd period - Derek Roy wins face-off versus Martin Hanzal in Oilers zone.
7:57 of 2nd period - Shot by Stephen Weiss.
7:57 of 2nd period - Deflect By Andrew Ladd.
7:57 of 2nd period - Stopped by Henrik Lundqvist with a rebound.
8:53 of 2nd period - Shot by Todd Marchant.
8:53 of 2nd period - Deflect By Andrew Ladd.
8:53 of 2nd period - Goal by Andrew Ladd - Canucks : 3 - Oilers : 1.
8:54 of 2nd period - Scott Nichol wins face-off versus Devin Setoguchi in neutral zone.
10:10 of 2nd period - Shot by Rod BrindAmour.
10:10 of 2nd period - Stopped by Henrik Lundqvist without a rebound.
10:11 of 2nd period - Michal Handzus wins face-off versus Martin Hanzal in Canucks zone.
10:24 of 2nd period - Shot by Michal Handzus.
10:24 of 2nd period - Shot Misses the Net.
10:34 of 2nd period - Shot by Dany Heatley.
10:34 of 2nd period - Deflect By Radek Dvorak.
10:34 of 2nd period - Stopped by Henrik Lundqvist with a rebound.
10:36 of 2nd period - Shot by Scott Hannan.
10:36 of 2nd period - Shot Blocked by Mike Komisarek.
10:38 of 2nd period - Shot by Michal Handzus.
10:38 of 2nd period - Shot Blocked by Martin Hanzal.
10:40 of 2nd period - Shot by Dany Heatley.
10:40 of 2nd period - Deflect By Radek Dvorak.
10:40 of 2nd period - Stopped by Henrik Lundqvist with a rebound.
11:22 of 2nd period - Icing by Adrian Aucoin.
11:23 of 2nd period - Joe Thornton wins face-off versus Derek Roy in Oilers zone.
11:34 of 2nd period - Shot by Devin Setoguchi.
11:34 of 2nd period - Shot Blocked by Adrian Aucoin.
11:42 of 2nd period - Shot by Joe Thornton.
11:42 of 2nd period - Shot Misses the Net.
11:44 of 2nd period - Shot by Duncan Keith.
11:44 of 2nd period - Shot Misses the Net.
11:46 of 2nd period - Shot by Bruno Gervais.
11:46 of 2nd period - Stopped by Kari Lehtonen without a rebound.
11:47 of 2nd period - Brandon Sutter wins face-off versus Scott Nichol in Oilers zone.
12:11 of 2nd period - Icing by Mark Popovic.
12:12 of 2nd period - Tomas Holmstrom wins face-off versus Scott Nichol in Oilers zone.
13:17 of 2nd period - Shot by Martin Hanzal.
13:17 of 2nd period - Stopped by Kari Lehtonen with a rebound.
13:36 of 2nd period - Icing by Mike Komisarek.
13:37 of 2nd period - Martin Hanzal wins face-off versus Derek Roy in Canucks zone.
13:41 of 2nd period - Off-side.
13:42 of 2nd period - Rod BrindAmour wins face-off versus Brandon Sutter in neutral zone.
14:35 of 2nd period - Shot by Mark Popovic.
14:35 of 2nd period - Stopped by Henrik Lundqvist without a rebound.
14:36 of 2nd period - Michal Handzus wins face-off versus Joe Thornton in Canucks zone.
14:41 of 2nd period - Shot by Dany Heatley.
14:41 of 2nd period - Shot Blocked by Ryan Kesler.
14:55 of 2nd period - Shot by Ryan Kesler.
14:55 of 2nd period - Shot Blocked by Scott Hannan.
14:59 of 2nd period - Shot by Joe Thornton.
14:59 of 2nd period - Stopped by Kari Lehtonen with a rebound.
15:01 of 2nd period - Shot by Duncan Keith.
15:01 of 2nd period - Stopped by Kari Lehtonen without a rebound.
15:02 of 2nd period - Scott Nichol wins face-off versus Martin Hanzal in Oilers zone.
15:08 of 2nd period - Minor Penalty to Scott Nichol for Hooking.
15:09 of 2nd period - Derek Roy wins face-off versus Joe Thornton in Oilers zone.
15:30 of 2nd period - Shot by Tomas Holmstrom.
15:30 of 2nd period - Stopped by Kari Lehtonen without a rebound.
15:31 of 2nd period - Brandon Sutter wins face-off versus Michal Handzus in Oilers zone.
15:56 of 2nd period - Shot by Brandon Sutter.
15:56 of 2nd period - Stopped by Kari Lehtonen without a rebound.
15:57 of 2nd period - Michal Handzus wins face-off versus Joe Thornton in Oilers zone.
15:57 of 2nd period - Michal Handzus is hit by Joe Thornton.
16:02 of 2nd period - Minor Penalty to Todd Marchant for Holding Stick.
16:03 of 2nd period - Derek Roy wins face-off versus Joe Thornton in Oilers zone.
16:26 of 2nd period - Shot by Tomas Holmstrom.
16:26 of 2nd period - Stopped by Kari Lehtonen without a rebound.
16:27 of 2nd period - Brandon Sutter wins face-off versus Stephen Weiss in Oilers zone.
16:57 of 2nd period - Shot by Ian White.
16:57 of 2nd period - Stopped by Kari Lehtonen without a rebound.
16:58 of 2nd period - Derek Roy wins face-off versus Joe Thornton in Oilers zone.
17:26 of 2nd period - Shot by Corey Perry.
17:26 of 2nd period - Stopped by Kari Lehtonen without a rebound.
17:27 of 2nd period - Michal Handzus wins face-off versus Brandon Sutter in Oilers zone.
17:51 of 2nd period - Shot by Matthew Carle.
17:51 of 2nd period - Stopped by Kari Lehtonen without a rebound.
17:52 of 2nd period - Scott Nichol wins face-off versus Joe Thornton in Oilers zone.
18:06 of 2nd period - David Backes is hit by Mark Popovic and loses puck.
18:15 of 2nd period - Shot by David Backes.
18:15 of 2nd period - Shot Blocked by Mark Popovic.
18:17 of 2nd period - Shot by Martin Hanzal.
18:17 of 2nd period - Stopped by Kari Lehtonen without a rebound.
18:18 of 2nd period - Rod BrindAmour wins face-off versus Joe Thornton in Oilers zone.
18:34 of 2nd period - Joe Thornton is hit by Sean ODonnell and loses puck.
18:37 of 2nd period - Shot by Devin Setoguchi.
18:37 of 2nd period - Shot Misses the Net.
19:02 of 2nd period - Icing by Mike Komisarek.
19:03 of 2nd period - Scott Nichol wins face-off versus Martin Hanzal in Canucks zone.
19:40 of 2nd period - Shot by Andrew Ladd.
19:40 of 2nd period - Shot Misses the Net.

Period #3

0:01 of 3rd period - Brandon Sutter wins face-off versus Derek Roy in neutral zone.
0:30 of 3rd period - Derek Roy is hit by Corey Perry and loses puck.
0:37 of 3rd period - Shot by Corey Perry.
0:37 of 3rd period - Shot Blocked by Sean ODonnell.
0:39 of 3rd period - Shot by Brandon Sutter.
0:39 of 3rd period - Shot Blocked by Adrian Aucoin.
0:41 of 3rd period - Shot by Corey Perry.
0:41 of 3rd period - Stopped by Kari Lehtonen with a rebound.
0:58 of 3rd period - Icing by Duncan Keith.
0:59 of 3rd period - Joe Thornton wins face-off versus Michal Handzus in Canucks zone.
1:55 of 3rd period - Todd Marchant is hit by Erik Karlsson.
3:00 of 3rd period - Shot by Ryan Johnson.
3:00 of 3rd period - Shot Blocked by Fedor Tyutin.
3:24 of 3rd period - Off-side.
3:25 of 3rd period - Michal Handzus wins face-off versus Brandon Sutter in neutral zone.
3:39 of 3rd period - Icing by Corey Perry.
3:40 of 3rd period - Scott Nichol wins face-off versus Brandon Sutter in Canucks zone.
4:02 of 3rd period - Minor Penalty to Mark Popovic for Hooking.
4:03 of 3rd period - Michal Handzus wins face-off versus Brandon Sutter in Oilers zone.
4:30 of 3rd period - Shot by Ian White.
4:30 of 3rd period - Shot Misses the Net.
5:12 of 3rd period - Shot by Duncan Keith.
5:12 of 3rd period - Shot Misses the Net.
5:16 of 3rd period - Shot by Joe Thornton.
5:16 of 3rd period - Shot Misses the Net.
6:12 of 3rd period - Derek Roy is hit by Milan Lucic and loses puck.
6:16 of 3rd period - Todd Marchant is hit by Mike Komisarek and loses puck.
6:30 of 3rd period - Andrew Ladd is hit by Mike Komisarek and loses puck.
6:59 of 3rd period - Shot by Joe Thornton.
6:59 of 3rd period - Stopped by Kari Lehtonen without a rebound.
7:00 of 3rd period - Ryan Johnson wins face-off versus Joe Thornton in Oilers zone.
7:21 of 3rd period - Minor Penalty to Matthew Carle for Tripping.
7:22 of 3rd period - Stephen Weiss wins face-off versus Brandon Sutter in Canucks zone.
7:23 of 3rd period - Shot by Dany Heatley.
7:23 of 3rd period - Stopped by Henrik Lundqvist without a rebound.
7:24 of 3rd period - Brandon Sutter wins face-off versus Stephen Weiss in Canucks zone.
7:39 of 3rd period - Shot by Dany Heatley.
7:39 of 3rd period - Stopped by Henrik Lundqvist without a rebound.
7:40 of 3rd period - Derek Roy wins face-off versus Brandon Sutter in Canucks zone.
7:56 of 3rd period - Icing by Derek Roy.
7:57 of 3rd period - Martin Hanzal wins face-off versus Derek Roy in Oilers zone.
8:16 of 3rd period - Shot by Dany Heatley.
8:16 of 3rd period - Stopped by Henrik Lundqvist without a rebound.
8:17 of 3rd period - Stephen Weiss wins face-off versus Brandon Sutter in Canucks zone.
8:32 of 3rd period - Shot by Andrew Ladd.
8:32 of 3rd period - Shot Misses the Net.
8:34 of 3rd period - Shot by Adrian Aucoin.
8:34 of 3rd period - Shot Misses the Net.
8:38 of 3rd period - Shot by Dany Heatley.
8:38 of 3rd period - Goal by Dany Heatley - Canucks : 3 - Oilers : 2.
8:39 of 3rd period - Scott Nichol wins face-off versus Joe Thornton in neutral zone.
8:48 of 3rd period - Shot by Mark Popovic.
8:48 of 3rd period - Stopped by Henrik Lundqvist without a rebound.
8:49 of 3rd period - Ryan Johnson wins face-off versus Brandon Sutter in Canucks zone.
8:50 of 3rd period - Shot by Adrian Aucoin.
8:50 of 3rd period - Stopped by Henrik Lundqvist without a rebound.
8:51 of 3rd period - Brandon Sutter wins face-off versus Scott Nichol in Canucks zone.
8:51 of 3rd period - Brandon Sutter is hit by Scott Nichol.
9:19 of 3rd period - Shot by Loui Eriksson.
9:19 of 3rd period - Shot Blocked by Todd Marchant.
9:21 of 3rd period - Shot by Matthew Carle.
9:21 of 3rd period - Goal by Matthew Carle - Canucks : 4 - Oilers : 2.
9:22 of 3rd period - Joe Thornton wins face-off versus Derek Roy in neutral zone.
9:46 of 3rd period - Shot by Derek Roy.
9:46 of 3rd period - Deflect By Stephen Weiss.
9:46 of 3rd period - Shot Misses the Net.
9:50 of 3rd period - Shot by Derek Roy.
9:50 of 3rd period - Shot Misses the Net.
9:52 of 3rd period - Shot by Sean ODonnell.
9:52 of 3rd period - Shot Misses the Net.
10:00 of 3rd period - Shot by Stephen Weiss.
10:00 of 3rd period - Shot Misses the Net.
10:04 of 3rd period - Shot by Steve Sullivan.
10:04 of 3rd period - Goal by Steve Sullivan - Canucks : 4 - Oilers : 3.
10:05 of 3rd period - Martin Hanzal wins face-off versus Radek Dvorak in neutral zone.
10:27 of 3rd period - Shot by Michal Handzus.
10:27 of 3rd period - Deflect By Dany Heatley.
10:27 of 3rd period - Goal by Dany Heatley - Canucks : 4 - Oilers : 4.
10:27 of 3rd period - Jason LaBarbera enters game.
10:28 of 3rd period - Scott Nichol wins face-off versus Corey Perry in neutral zone.
10:45 of 3rd period - Icing by Scott Nichol.
10:46 of 3rd period - Joe Thornton wins face-off versus Andrew Ladd in Oilers zone.
11:01 of 3rd period - Shot by Vyacheslav Kozlov.
11:01 of 3rd period - Shot Misses the Net.
11:05 of 3rd period - Shot by Devin Setoguchi.
11:05 of 3rd period - Stopped by Kari Lehtonen without a rebound.
11:06 of 3rd period - Martin Hanzal wins face-off versus Michal Handzus in Oilers zone.
11:21 of 3rd period - Shot by David Backes.
11:21 of 3rd period - Stopped by Kari Lehtonen with a rebound.
11:27 of 3rd period - Fedor Tyutin is hit by Dany Heatley and loses puck.
11:42 of 3rd period - Shot by David Backes.
11:42 of 3rd period - Goal by David Backes - Canucks : 5 - Oilers : 4.
11:43 of 3rd period - Stephen Weiss wins face-off versus Brandon Sutter in neutral zone.
11:43 of 3rd period - Derek Roy is hit by Loui Eriksson and loses puck.
11:50 of 3rd period - Shot by Loui Eriksson.
11:50 of 3rd period - Stopped by Kari Lehtonen with a rebound.
11:52 of 3rd period - Shot by Matthew Carle.
11:52 of 3rd period - Shot Misses the Net.
11:54 of 3rd period - Shot by Brandon Sutter.
11:54 of 3rd period - Goal by Brandon Sutter - Canucks : 6 - Oilers : 4.
11:55 of 3rd period - Ryan Kesler wins face-off versus Scott Nichol in neutral zone.
12:07 of 3rd period - Icing by Ryan Kesler.
12:08 of 3rd period - Derek Roy wins face-off versus Joe Thornton in Canucks zone.
12:31 of 3rd period - Shot by Joe Thornton.
12:31 of 3rd period - Shot Misses the Net.
12:34 of 3rd period - Icing by Adrian Aucoin.
12:35 of 3rd period - Brandon Sutter wins face-off versus Derek Roy in Oilers zone.
12:35 of 3rd period - Brandon Sutter is hit by Sean ODonnell.
13:08 of 3rd period - Shot by Loui Eriksson.
13:08 of 3rd period - Shot Misses the Net.
13:11 of 3rd period - Icing by Adrian Aucoin.
13:12 of 3rd period - Derek Roy wins face-off versus Martin Hanzal in Oilers zone.
13:21 of 3rd period - Mike Komisarek is hit by Derek Roy and loses puck.
13:39 of 3rd period - Dany Heatley is hit by Mike Komisarek and loses puck.
13:44 of 3rd period - Shot by Radek Dvorak.
13:44 of 3rd period - Shot Misses the Net.
13:54 of 3rd period - Shot by Michal Handzus.
13:54 of 3rd period - Stopped by Jason LaBarbera without a rebound.
13:55 of 3rd period - Joe Thornton wins face-off versus Scott Nichol in Canucks zone.
13:59 of 3rd period - Icing by Ryan Kesler.
14:00 of 3rd period - Scott Nichol wins face-off versus Joe Thornton in Canucks zone.
14:07 of 3rd period - Duncan Keith is hit by Scott Nichol and loses puck.
14:21 of 3rd period - Icing by Duncan Keith.
14:22 of 3rd period - Michal Handzus wins face-off versus Joe Thornton in Canucks zone.
14:29 of 3rd period - Shot by Michal Handzus.
14:29 of 3rd period - Shot Blocked by Erik Karlsson.
15:02 of 3rd period - Shot by Radek Dvorak.
15:02 of 3rd period - Stopped by Jason LaBarbera with a rebound.
15:05 of 3rd period - Minor Penalty to Ian White for Interference.
15:06 of 3rd period - Martin Hanzal wins face-off versus Stephen Weiss in Canucks zone.
15:06 of 3rd period - Martin Hanzal is hit by Dany Heatley.
15:24 of 3rd period - Shot by Adrian Aucoin.
15:24 of 3rd period - Shot Misses the Net.
15:26 of 3rd period - Shot by Adrian Aucoin.
15:26 of 3rd period - Shot Blocked by David Backes.
15:28 of 3rd period - Shot by Adrian Aucoin.
15:28 of 3rd period - Shot Misses the Net.
15:30 of 3rd period - Shot by Dany Heatley.
15:30 of 3rd period - Shot Misses the Net.
15:57 of 3rd period - Icing by Scott Hannan.
15:58 of 3rd period - Ryan Johnson wins face-off versus Brandon Sutter in Oilers zone.
16:07 of 3rd period - Shot by Derek Roy.
16:07 of 3rd period - Shot Misses the Net.
16:11 of 3rd period - Shot by Derek Roy.
16:11 of 3rd period - Shot Misses the Net.
16:13 of 3rd period - Shot by Derek Roy.
16:13 of 3rd period - Stopped by Jason LaBarbera without a rebound.
16:14 of 3rd period - Stephen Weiss wins face-off versus Martin Hanzal in Canucks zone.
16:39 of 3rd period - Shot by Adrian Aucoin.
16:39 of 3rd period - Shot Misses the Net.
16:43 of 3rd period - Shot by Stephen Weiss.
16:43 of 3rd period - Deflect By Derek Roy.
16:43 of 3rd period - Stopped by Jason LaBarbera with a rebound.
17:03 of 3rd period - Shot by Dany Heatley.
17:03 of 3rd period - Shot Misses the Net.
17:05 of 3rd period - Shot by Scott Hannan.
17:05 of 3rd period - Shot Blocked by Duncan Keith.
17:14 of 3rd period - Icing by Bryce Salvador.
17:15 of 3rd period - Brandon Sutter wins face-off versus Michal Handzus in Oilers zone.
17:16 of 3rd period - Shot by Loui Eriksson.
17:16 of 3rd period - Shot Misses the Net.
17:24 of 3rd period - Shot by Andrew Ladd.
17:24 of 3rd period - Stopped by Jason LaBarbera with a rebound.
17:28 of 3rd period - Shot by Bryce Salvador.
17:28 of 3rd period - Stopped by Jason LaBarbera with a rebound.
17:32 of 3rd period - Shot by Andrew Ladd.
17:32 of 3rd period - Stopped by Jason LaBarbera without a rebound.
17:33 of 3rd period - Joe Thornton wins face-off versus Dany Heatley in Canucks zone.
17:38 of 3rd period - Ryan Kesler is hit by Dany Heatley.
17:46 of 3rd period - Shot by Dany Heatley.
17:46 of 3rd period - Stopped by Jason LaBarbera without a rebound.
17:47 of 3rd period - Brandon Sutter wins face-off versus Derek Roy in Canucks zone.
18:06 of 3rd period - Shot by Derek Roy.
18:06 of 3rd period - Stopped by Jason LaBarbera without a rebound.
18:07 of 3rd period - Martin Hanzal wins face-off versus Michal Handzus in Canucks zone.
18:23 of 3rd period - David Backes is hit by Scott Hannan and loses puck.
18:29 of 3rd period - Icing by Radek Dvorak.
18:30 of 3rd period - Michal Handzus wins face-off versus Joe Thornton in Oilers zone.
18:42 of 3rd period - Minor Penalty to Roman Hamrlik for Holding.
18:43 of 3rd period - Brandon Sutter wins face-off versus Scott Nichol in Oilers zone.
18:54 of 3rd period - Shot by Loui Eriksson.
18:54 of 3rd period - Deflect By Devin Setoguchi.
18:54 of 3rd period - Shot Blocked by Adrian Aucoin.
18:56 of 3rd period - Shot by Loui Eriksson.
18:56 of 3rd period - Stopped by Kari Lehtonen without a rebound.
18:57 of 3rd period - Scott Nichol wins face-off versus Corey Perry in Oilers zone.
19:08 of 3rd period - Shot by Corey Perry.
19:08 of 3rd period - Stopped by Kari Lehtonen without a rebound.
19:09 of 3rd period - Brandon Sutter wins face-off versus Scott Nichol in Oilers zone.
19:32 of 3rd period - Shot by Matthew Carle.
19:32 of 3rd period - Stopped by Kari Lehtonen with a rebound.
19:39 of 3rd period - Icing by Matthew Carle.
19:40 of 3rd period - Scott Nichol wins face-off versus Brandon Sutter in Canucks zone.


Output by the SimonT Hockey Simulator (STHS) for Stephane Roy -- Original Page W3C XHTML 1.0 Valid